 Dungeon Crawl Stone Soup version 0.26.0-18-gc5c842f807 (webtiles) character file.

Game seed: 15828502574852886629

129 trckry the Shield-Bearer (level 4, -5/40 HPs)
             Began as a Minotaur Fighter on Jan 23, 2021.
             Slain by an ice beast (11 damage)
             ... on level 5 of the Dungeon.
             The game lasted 00:02:41 (1795 turns).

trckry the Shield-Bearer (Minotaur Fighter)         Turns: 1795, Time: 00:02:42

Health: -5/40      AC:  9    Str: 21    XL:     4   Next: 88%
Magic:  3/3        EV:  6    Int:  5    God:
Gold:   96         SH:  9    Dex: 10    Spells: 3/3 levels left

rFire    . . .     SeeInvis .   a - +0 flail
rCold    . . .     Faith    .   c - +0 kite shield
rNeg     . . .     Spirit   .   g - +0 chain mail
rPois    .         Reflect  .   (helmet restricted)
rElec    .         Harm     .   (no cloak)
rCorr    .         Rampage  .   (no gloves)
Will     .....                  (no boots)
Stlth    ..........             (no amulet)
HPRegen  0.13/turn              b - ring of flight
MPRegen  0.08/turn              (no ring)

@: no status effects
A: retaliatory headbutt, horns 2
a: Evoke Flight


You were on level 5 of the Dungeon.
You visited 1 branch of the dungeon, and saw 4 of its levels.

You collected 96 gold pieces.

Inventory:

Hand Weapons
 a - a +0 flail (weapon)
Missiles
 n - 23 poisoned darts (quivered)
Armour
 c - a +0 kite shield (worn)
 g - a +0 chain mail (worn)
Jewellery
 b - a ring of flight (left hand)
 r - an uncursed ring of resist corrosion {unknown}
Wands
 m - a wand of acid (5)
Scrolls
 e - 4 scrolls of remove curse {unknown}
 f - 4 scrolls of identify {unknown}
 i - a scroll of fear {unknown}
 k - a scroll of teleportation {unknown}
 p - a scroll of enchant weapon {unknown}
 q - a scroll of enchant armour {unknown}
Potions
 d - a potion of might
 h - 2 potions of flight {unknown}
 j - a potion of haste {unknown}
 l - 2 potions of curing {unknown}
 o - a potion of cancellation {unknown}


   Skills:
 + Level 4.1 Fighting
 + Level 3.0 Maces & Flails
 + Level 1.4 Throwing
 + Level 4.1 Armour
 + Level 1.6 Dodging
 + Level 4.2 Shields
 + Level 1.1 Invocations
 + Level 1.0 Evocations


You had 3 spell levels left.
You didn't know any spells.
Your spell library was empty.

Dungeon Overview and Level Annotations

Branches:
Dungeon (3/15)

Altars:
Cheibriados
Dithmenos
Fedhas
Uskayaw
Wu Jian


Innate Abilities, Weirdness & Mutations

You reflexively headbutt those who attack you in melee.
You have a pair of horns on your head.


Message History

The orc wizard blinks!
You block the ice beast's attack.
The orc wizard mumbles some strange words.
The orc wizard blinks!
The ice beast hits you but does no damage.
The orc wizard mumbles some strange words.
The orc wizard blinks!
Evoke which item? (* to show all) (? for menu, Esc to quit)
Aiming: Corrosive Bolt
Press: ? - help, Shift-Dir - straight line, f - ice beast
Aim: an ice beast (29% to evade)
The bolt of acid hits the ice beast.
The ice beast is splashed with acid.
The acid corrodes the ice beast!
The ice beast is moderately wounded.
The ice beast barely misses you.
You closely miss the orc wizard.
The orc wizard is almost dead.
You block the orc wizard's attack. The ice beast hits you.
* * * LOW HITPOINT WARNING * * *
The ice beast freezes you!
You die...

#.....##########
#..............#
#..............#
#..............#
#..............#
######..............##
#.....)..#######.....#
#.....)..# #Yo...#
#........# #@....#
#........# #.....#
#........# #.....#
########## #######


You could see an ice beast (corroded) and an orc wizard (fast).

Vanquished Creatures
  An orc wizard (D:5)
  4 adders
  4 worms
  3 dart slugs (D:1)
  2 leopard geckos
  3 orcs
  2 giant cockroaches
  5 goblins
  5 hobgoblins
  A quokka (D:3)
  A ball python (D:2)
  3 bats
  6 frilled lizards
  5 kobolds
  4 rats
49 creatures vanquished.

Notes
Turn   | Place    | Note
-------+----------+-------------------------------------------
     0 | D:1      | trckry the Minotaur Fighter began the quest for the Orb.
     0 | D:1      | Reached XP level 1. HP: 19/19 MP: 0/0
   335 | D:1      | Reached XP level 2. HP: 27/27 MP: 1/1
   848 | D:2      | Reached XP level 3. HP: 32/33 MP: 2/2
   993 | D:2      | Found a blossoming altar of Fedhas.
  1027 | D:2      | Found a shadowy altar of Dithmenos.
  1063 | D:2      | Found a snail-covered altar of Cheibriados.
  1077 | D:2      | Found a hide-covered altar of Uskayaw.
  1116 | D:2      | Reached skill level 1 in Throwing
  1116 | D:2      | Reached skill level 1 in Dodging
  1134 | D:2      | Found an ornate altar of the Wu Jian Council.
  1247 | D:2      | Reached XP level 4. HP: 38/40 MP: 3/3
  1277 | D:2      | Reached skill level 1 in Invocations
  1754 | D:3      | You fall into a shaft and drop 2 floors!
  1754 | D:5      | Entered Level 5 of the Dungeon
  1759 | D:5      | Noticed an ice beast
  1777 | D:5      | Reached skill level 1 in Evocations
  1795 | D:5      | Slain by an ice beast

Illustrated notes

Levels and vault maps discovered:
D:1:      onia_arrival_mini_maze_b, layout_loops_ring
D:2:      layout_basic, nicolae_overflow_quartered_altars,
          general_overflow_altar
D:3:      layout_rooms
D:5:      layout_gridville, temple_fountains

Skill      XL: |  1  2  3  4 |
---------------+-------------+-----
Throwing       | 1 |  1.4
Dodging        | 1 |  1.6
Shields        | 4 |  4.2
Armour         | 4 |  4.1
Fighting       | 4 |  4.1
Invocations    | 1 |  1.1
Maces & Flails | 3 |  3.0
Evocations     | 1 |  1.0

Action                   |  1- 3 |  4- 6 || total
-------------------------+-------+-------++-------
Melee: Flail             |    96 |    58 ||   154
       Headbutt          |    11 |     9 ||    20
Evoke: Wand              |       |     1 ||     1
Armor: Chain mail        |    56 |    41 ||    97
       Scale mail        |     2 |       ||     2
Dodge: Dodged            |    16 |    15 ||    31
Block: Kite shield       |    39 |    41 ||    80
